 Dungeon Crawl Stone Soup version 0.29.1-15-g9cfb28693d (webtiles) character file.

Game seed: 6410898679533095713

339 boopmooplesden the Twirler (level 6, -1/50 (52) HPs)
             Began as a Minotaur Gladiator on Mar 8, 2023.
             Was an Initiate of Trog.
             Slain by a wight
             ... wielding a +5 falchion
              (12 damage)
             ... on level 5 of the Dungeon.
             The game lasted 00:04:40 (4496 turns).

boopmooplesden the Twirler (Minotaur Gladiator)     Turns: 4496, Time: 00:04:40

HP:   -1/50 (52)    AC:  9    Str: 27    XL:     6   Next: 29%
MP:   5/5           EV: 12    Int:  5    God:    Trog [......]
Gold: 297           SH:  5    Dex: 11    Spells: 5/5 levels left

rFire   . . .      SeeInvis .   a - +0 quarterstaff
rCold   . . .      Faith    .   (shield currently unavailable)
rNeg    + . .      Spirit   .   f - +2 ring mail {Will+}
rPois   .          Reflect  +   u - +2 hat
rElec   .          Harm     .   (no cloak)
rCorr   .          Rampage  .   (no gloves)
Will    +....                   (no boots)
Stlth   +.........              i - amulet of reflection
HPRegen 0.16/turn               k - +6 ring of strength
MPRegen 0.09/turn               l - ring of positive energy

@: about to teleport, lightly drained
A: horns 2, retaliatory headbutt
a: Renounce Religion


You were on level 5 of the Dungeon.
You worshipped Trog.
Trog was noncommittal.
You visited 2 branches of the dungeon, and saw 6 of its levels.

You collected 297 gold pieces.

Inventory:

Hand Weapons
 a - a +0 quarterstaff (weapon)
Missiles
 d - 3 throwing nets (quivered)
 e - a javelin
Armour
 b - a +0 leather armour
 c - a +0 hat
 f - a +2 ring mail of willpower (worn)
 u - a +2 hat (worn)
Jewellery
 i - an amulet of reflection (around neck)
 k - a +6 ring of strength (left hand)
 l - a ring of positive energy (right hand)
 w - a +6 ring of strength
Wands
 p - a wand of paralysis (12)
 s - a wand of digging (7)
Scrolls
 g - 3 scrolls of identify
 m - a scroll of teleportation
 n - a scroll of vulnerability {unknown}
 o - a scroll of torment {unknown}
 v - a scroll of blinking {unknown}
Potions
 h - a potion of brilliance
 j - 3 potions of heal wounds
 q - 5 potions of curing
 r - a potion of berserk rage {unknown}
 t - a potion of haste {unknown}


   Skills:
 + Level 3.9 Fighting
 + Level 6.2 Staves
 + Level 2.1 Throwing
 + Level 2.8 Armour
 + Level 4.3 Dodging
 + Level 1.5 Shields


You had 5 spell levels left.
You didn't know any spells.
Your spell library contained the following spells:

 Spells                   Type           Power      Damage    Failure   Level
 Slow                     Hex            0%         N/A       61%         1
 Blink                    Tloc           0%         N/A       75%         2
 Confusing Touch          Hex            0%         N/A       93%         3
 Lesser Beckoning         Tloc           0%         N/A       93%         3
 Portal Projectile        Hex/Tloc       0%         N/A       93%         3
 Tukima's Dance           Hex            0%         N/A       93%         3
 Vampiric Draining        Necr           0%         2d6       93%         3
 Blade Hands              Tmut           0%         N/A       100%        5
 Manifold Assault         Tloc           0%         N/A       100%        5
 Summon Forest            Summ/Tloc      0%         N/A       100%        5
 Eringya's Noxious Bog    Tmut/Pois      0%         N/A       100%        6
 Summon Hydra             Summ           0%         N/A       100%        7


Dungeon Overview and Level Annotations

Branches:
Dungeon (5/15)             Temple (1/1) D:4

Altars:
Cheibriados
Elyvilon
Kikubaaqudgha
Sif Muna
Trog
The Shining One


Innate Abilities, Weirdness & Mutations

You have a pair of horns on your head.
You reflexively headbutt those who attack you in melee.


Message History

You start resting.
As you open the door, it creaks loudly!
There is an open door here.
There is an escape hatch in the floor here.
There is an escape hatch in the floor here.
You slide downwards.
The hatch slams shut behind you.
Found a ring of positive energy.
A wight comes into view. It is wielding a +0 halberd.
A wight comes into view. It is wielding a +0 morningstar.
A wight comes into view. It is wielding a +5 falchion.
The wight closely misses you.
You see here a ring of positive energy.
Okay, then.
You barely miss the wight. Your headbutt misses the wight.
The wight hits you with a +0 halberd. You partially resist.
You feel drained.
You closely miss the wight.
The wight hits you with a +0 morningstar.
You partially resist.
You feel drained. The wight hits you with a +0 halberd! You partially resist.
You feel drained.
You sock the wight! You headbutt the wight!
You destroy the wight!
Trog accepts your kill. You block the wight's attack.
Your life force feels restored.
The wight hits you with a +0 morningstar.
You partially resist.
You feel drained.
Things that are here:
a +0 halberd; a +0 robe You hit the wight but do no damage.
The wight hits you but does no damage.
The wight hits you with a +0 morningstar!
You thump the wight! You headbutt the wight.
The wight is severely damaged.
You block the wight's attack.
The wight hits you with a +0 morningstar.
* * * LOW HITPOINT WARNING * * *
You partially resist.
You feel drained.
* * * LOW HITPOINT WARNING * * *
As you read the scroll of teleportation, it crumbles to dust.
You feel strangely unstable. The wight hits you with a +5 falchion!
You die...

........##[..........
........##.###.##.......
........##.###.##.......
.............#........>.
.....................###
......................#
...............(......##
.......z................
......z@=...............
....................†)..
........................
#######.................
##.....##.........
############..... #.....
######


You could see 2 wights.

Vanquished Creatures
  A wight (D:5)
  A hound (D:4)
  An iguana (D:5)
  A gnoll (D:4)
  8 adders
  An ufetubus (D:4)
  2 worms (D:4)
  4 dart slugs
  10 orcs
  9 ball pythons
  4 bats
  15 endoplasms
  2 giant cockroaches
  9 hobgoblins
  6 jackals
  10 kobolds
  3 quokkas
  7 frilled lizards
  19 goblins
  6 rats
119 creatures vanquished.

Notes
Turn   | Place    | Note
-------+----------+-------------------------------------------
     0 | D:1      | boopmooplesden the Minotaur Gladiator began the quest for
                  | the Orb.
     0 | D:1      | Reached XP level 1. HP: 18/18 MP: 0/0
   253 | D:1      | Found a faded altar of an unknown god.
   258 | D:1      | Reached skill level 4 in Staves
   307 | D:1      | Reached XP level 2. HP: 23/25 MP: 1/1
   638 | D:1      | Reached XP level 3. HP: 28/30 MP: 2/2
  1885 | D:2      | Reached skill level 5 in Staves
  1885 | D:2      | Reached XP level 4. HP: 38/38 MP: 3/3
  1951 | D:2      | Reached skill level 1 in Armour
  3137 | D:4      | Reached XP level 5. HP: 43/45 MP: 4/4
  3967 | D:4      | Found a staircase to the Ecumenical Temple.
  4010 | Temple   | Entered the Ecumenical Temple
  4021 | Temple   | Became a worshipper of Trog the Wrathful
  4052 | D:5      | Entered Level 5 of the Dungeon
  4078 | D:5      | Reached skill level 1 in Shields
  4230 | D:5      | Noticed a phantom
  4263 | D:4      | Reached skill level 6 in Staves
  4263 | D:4      | Reached XP level 6. HP: 19/52 MP: 5/5
  4496 | D:5      | Slain by a wight

Illustrated notes

Levels and vault maps discovered:
D:1:      dpeg_arrival_three_smaller_balls, layout_basic,
          chequers_ecumenical_altar_island, minmay_indecisive_spiral
D:2:      minmay_alternating_diamond, layout_loops_ring, minmay_quantized
D:3:      layout_basic, st_stairs_10
D:4:      layout_loops_corners, minmay_temple_entry_offerings, minmay_bent
D:5:      layout_rooms, mainiacjoe_overflow_tiny_flanked, fedhas_altar_4
Temple:   eino_temple_water

Skill      XL: |  1  2  3  4  5 |
---------------+----------------+-----
Staves         | 4 5 6 |  6.2
Fighting       | 3 |  3.9
Armour         | 2 |  2.8
Dodging        | 4 |  4.3
Shields        | 1 |  1.5
Throwing       | |  2.1

Action                   |  1- 3 |  4- 6 || total
-------------------------+-------+-------++-------
Melee: Quarterstaff      |    82 |   151 ||   233
       Headbutt          |     6 |    24 ||    30
  Use: Scroll            |       |     9 ||     9
Armor: Ring mail         |    68 |    70 ||   138
Dodge: Dodged            |    72 |    91 ||   163
Block: Other             |       |    28 ||    28
